 Dungeon Crawl Stone Soup version 0.18.1-48-g4cf74bf (webtiles) character file.

9346 tyranidshit the Reanimator (level 11, 0/103 HPs)
             Began as a Deep Dwarf Necromancer on July 9, 2016.
             Was an Elder of Makhleb.
             Slain by a spiny frog (19 damage)
             ... on level 1 of the Lair of Beasts.
             The game lasted 01:16:17 (8224 turns).

tyranidshit the Reanimator (Deep Dwarf Necromancer) Turns: 8224, Time: 01:16:18

Health: 0/103      AC: 10    Str: 16    XL:     11   Next: 21%
Magic:  1/22       EV: 16    Int: 19    God:    Makhleb [****..]
Gold:   230        SH:  5    Dex: 13    Spells: 2 memorised, 21 levels left

rFire  + . .     SeeInvis .     E - +7 flail (protect)
rCold  . . .     Gourm    .     e - +0 robe (curse)
rNeg   . . .     Faith    .     (no shield)
rPois  .         Spirit   .     (no helmet)
rElec  .         Dismiss  .     g - +0 cloak
rCorr  .         Reflect  +     B - +0 pair of gloves
SustAt .         Harm     .     N - +0 pair of boots
MR     ++...                    T - +5 amulet of reflection
Stlth  +.........               H - ring of Buorhyuc {rF+ MR+ Str+4 Stlth-}
                                (no ring)

@: non-regenerating, very resistant to hostile enchantments, very unstealthy
A: damage resistance, recharge devices, sense surroundings 2, slow regeneration
3
a: Device Recharging, Minor Destruction, Lesser Servant of Makhleb, Major
Destruction, Renounce Religion


You were on level 1 of the Lair of Beasts.
You worshipped Makhleb.
Makhleb was greatly pleased with you.
You were not hungry.

You visited 3 branches of the dungeon, and saw 12 of its levels.

You collected 500 gold pieces.
You spent 270 gold pieces at shops.

Inventory:

Hand Weapons
 E - a +7 flail of protection (weapon)
Armour
 e - a cursed +0 robe (worn)
 g - a +0 cloak (worn)
 n - a +0 robe
 p - a +0 ring mail
 B - a +0 pair of gloves (worn)
 N - a +0 pair of boots (worn)
Jewellery
 H - the ring of Buorhyuc (right hand) {rF+ MR+ Str+4 Stlth-}
   (You found it on level 5 of the Dungeon)

   [ring of loudness]

   It affects your strength (+4).
   It protects you from fire.
   It affects your resistance to hostile enchantments.
   It makes you less stealthy.
 T - a +5 amulet of reflection (around neck)
Wands
 o - a wand of paralysis (3/24)
 L - a wand of teleportation (3/9)
 U - a wand of disintegration (4/24)
Scrolls
 j - a scroll of teleportation
 m - 3 scrolls of random uselessness
 r - 4 scrolls of amnesia
 v - 3 scrolls of identify
 w - a scroll of enchant weapon
 K - 2 scrolls of fog
Potions
 a - a potion of flight
 f - a potion of cancellation {unknown}
 h - a potion of berserk rage
 k - 2 potions of ambrosia
 l - 3 potions of haste
 q - a potion of degeneration {unknown}
 s - 5 potions of curing
 x - a potion of heal wounds
 z - 2 potions of resistance
 C - a potion of agility
 D - a potion of might
Books
 b - a book of Necromancy

   Spells                             Type                      Level
   a - Pain                           Necromancy                   1
   b - Animate Skeleton               Necromancy                   1
   c - Vampiric Draining              Necromancy                   3
   d - Regeneration                   Charms/Necromancy            3
   e - Animate Dead                   Necromancy                   4
   f - Control Undead                 Necromancy                   4
 d - a book of Fire

   Spells                             Type                      Level
   a - Ignite Poison                  Fire/Transmutation/Poison    3
   b - Fireball                       Conjuration/Fire             5
   c - Bolt of Fire                   Conjuration/Fire             6
   d - Delayed Fireball               Conjuration/Fire             7
   e - Ring of Flames                 Charms/Fire                  7
 F - a book of Callings

   Spells                             Type                      Level
   a - Summon Small Mammal            Summoning                    1
   b - Call Imp                       Summoning                    2
   c - Call Canine Familiar           Summoning                    3
   d - Summon Guardian Golem          Hexes/Summoning              3
   e - Summon Lightning Spire         Summoning/Air                4
   f - Summon Ice Beast               Ice/Summoning                4
 M - a book of Dreams

   Spells                             Type                      Level
   a - Ensorcelled Hibernation        Hexes/Ice                    2
   b - Silence                        Hexes/Air                    5
   c - Darkness                       Hexes                        6
   d - Shadow Creatures               Summoning                    6
Miscellaneous
 t - a box of beasts
 u - a fan of gales
Comestibles
 c - 2 bread rations
 i - a fruit
 G - 5 slices of pizza
 O - 2 meat rations


   Skills:
 - Level 8.1 Fighting
 - Level 8.4 Dodging
 - Level 2.4 Stealth
 + Level 7.9 Spellcasting
 - Level 10.1 Necromancy
 - Level 6.4 Evocations


You had 21 spell levels left.
You knew the following spells:

 Your Spells              Type           Power        Failure   Level  Hunger
a - Pain                  Necr           ####         1%          1    None
b - Vampiric Draining     Necr           #####.....   1%          3    None


Dungeon Overview and Level Annotations

Branches:
Dungeon (10/15)            Temple (1/1) D:5            Lair (1/8) D:9
    Orc (0/2) D:10

Altars:
Ashenzari
Cheibriados
Dithmenos
Elyvilon
Fedhas
Gozag
Kikubaaqudgha
Makhleb
Nemelex Xobeh
Okawaru
Pakellas
Qazlal
Ru
Sif Muna
Trog
Vehumet
Xom
Yredelemnul
Zin
The Shining One

Shops:
D:4 [   D:10 (

Annotations:
D:6 nikopol's ghost, novice MiBe
D:8 Maurice


Innate Abilities, Weirdness & Mutations

You are resistant to damage.
You can recharge devices by infusing magical energy.
You passively map the area around you.
You do not regenerate naturally.


Message History

Aiming: Vampiric Draining
Press: ? - help, Shift-Dir - straight line, f/p - spiny frog
Aim: a spiny frog (lightly wounded)
The spiny frog is moderately wounded.
You feel life coursing into your body. The spiny frog stings you!
You closely miss the spiny frog.
The spiny frog is moderately wounded.
The spiny frog stings you! The spiny frog barely misses you.
You barely miss the spiny frog.
The spiny frog is moderately wounded.
The spiny frog barely misses you.
You barely miss the spiny frog.
The spiny frog is moderately wounded.
The spiny frog stings you! The spiny frog misses you.
You hit the spiny frog.
The spiny frog is heavily wounded.
The spiny frog stings you!!
* * * LOW HITPOINT WARNING * * *
The spiny frog stings you!!
You die...

..##......#.....#..♣ ,, ,
..###♣♣♣..#######..♣ * ,
..# ♣...........♣ , ..#
♣...........♣ ,
..###♣♣♣♣♣♣♣♣♣♣♣♣♣♣♣ * ,*
......♣♣ ♣♣♣ ♣♣♣ *, , *
.......♣♣♣♣.♣♣♣.♣♣♣♣ , ,
...................#♣P## ,
................@F.>.... ,
, ........................
, ,*
...###.P##..P####....#.#**,
....########## * .....#
....# ,....## , ...## ....#
*,....# , , ....# *, , * *
* , , *


You could see a spiny frog.

Vanquished Creatures
  Snorg (D:10)
  Erica (D:8)
  The ghost of Aquadorian the Digger, a novice GrEE of Vehumet (D:7)
  2 hill giants (D:10)
  A centaur zombie (D:10)
  A komodo dragon (Lair:1)
  Prince Ribbit (D:9)
  A wyvern (D:8)
  A hippogriff (D:8)
  A human (D:8)
  3 hungry ghosts
  A steam dragon (D:10)
  The ghost of Aquadorian the Chopper, an amateur KoBe of Trog (D:4)
  A porcupine (Lair:1)
  4 black bears
  3 orc warriors
  3 sky beasts
  A wasp (D:9)
  2 phantoms
  2 ice beasts
  4 ogres
  3 centaurs
  A big kobold (D:9)
  4 giant frogs
  3 scorpions
  A water moccasin skeleton (D:4)
  13 killer bees
  A wight (D:10)
  2 howler monkeys (D:8)
  7 crimson imps
  A quasit (D:10)
  A centaur skeleton (D:4)
  A jelly (D:8)
  5 orc priests
  6 hounds
  Jessica (D:2)
  An iguana (D:7)
  5 orc wizards
  7 worker ants
  2 killer bee zombies
  2 hound zombies
  2 hound skeletons
  A worker ant zombie (D:8)
  6 gnolls
  10 adders
  10 river rats (Lair:1)
  2 shadow imps
  3 oozes
  5 worms
  2 dart slugs
  5 giant geckos
  14 orcs
  4 ball pythons
  11 bats
  7 giant cockroaches
  10 goblins
  8 hobgoblins
  13 jackals
  5 quokkas
  A giant gecko zombie (D:8)
  4 giant newts
  A jackal skeleton (D:4)
  A jackal zombie (D:7)
  12 kobolds
  7 rats
247 creatures vanquished.

Vanquished Creatures (others)
  A quokka (D:9)
1 creature vanquished.

Grand Total: 248 creatures vanquished

Notes
Turn   | Place    | Note
--------------------------------------------------------------
     0 | D:1      | tyranidshit the Deep Dwarf Necromancer began the quest for the Orb.
     0 | D:1      | Reached XP level 1. HP: 15/15 MP: 3/3
   122 | D:1      | Reached XP level 2. HP: 22/22 MP: 3/5
   384 | D:1      | Reached skill level 5 in Necromancy
   401 | D:1      | Reached XP level 3. HP: 28/28 MP: 0/6
   406 | D:1      | Learned a level 3 spell: Vampiric Draining
   961 | D:2      | Found an iron altar of Okawaru.
  1171 | D:2      | Noticed Jessica
  1211 | D:2      | Killed Jessica
  1211 | D:2      | Reached XP level 4. HP: 34/36 MP: 0/8
  1428 | D:2      | Reached skill level 6 in Necromancy
  1913 | D:3      | Found an opulent altar of Gozag.
  1913 | D:3      | Found a sparkling altar of Nemelex Xobeh.
  2036 | D:3      | Reached XP level 5. HP: 24/42 MP: 5/9
  2362 | D:3      | Reached XP level 6. HP: 35/49 MP: 0/11
  2469 | D:4      | Found an ancient bone altar of Kikubaaqudgha.
  2477 | D:4      | Reached skill level 7 in Necromancy
  2697 | D:4      | Found Pachuny's Antique Armour Shop.
  2714 | D:4      | Bought a pair of gloves for 135 gold pieces
  2854 | D:4      | Noticed Aquadorian's ghost (amateur KoBe)
  2917 | D:5      | Entered Level 5 of the Dungeon
  2988 | D:5      | Noticed an ice beast
  3002 | D:5      | Killed an ice beast
  3002 | D:5      | Reached skill level 8 in Necromancy
  3002 | D:5      | Reached XP level 7. HP: 15/55 MP: 6/13
  3055 | D:5      | Found a glowing silver altar of Zin.
  3086 | D:5      | Found a staircase to the Ecumenical Temple.
  3161 | Temple   | Entered the Ecumenical Temple
  3672 | D:5      | Reached skill level 9 in Necromancy
  3687 | D:5      | Got a crude lapis lazuli ring
  3688 | D:5      | Identified the ring of Buorhyuc {rF+ MR+ Str+4 Stlth-} (You found it on level 5 of the Dungeon)
  3776 | D:6      | Noticed nikopol's ghost (novice MiBe)
  3845 | D:6      | Reached skill level 1 in Fighting
  3845 | D:6      | Reached XP level 8. HP: 46/64 MP: 2/14
  4074 | D:6      | Found a burning altar of Makhleb.
  4075 | D:6      | Found a white marble altar of Elyvilon.
  4079 | D:6      | Became a worshipper of Makhleb the Destroyer
  4254 | D:4      | Found a blossoming altar of Fedhas.
  4257 | D:4      | Found a stormy altar of Qazlal.
  4396 | D:4      | Bought a pair of boots for 135 gold pieces
  4482 | D:4      | Killed Aquadorian's ghost
  4775 | D:7      | Reached skill level 5 in Dodging
  4856 | D:7      | Noticed Aquadorian's ghost (novice GrEE)
  4924 | D:8      | Reached * piety under Makhleb
  4972 | D:8      | You fall through a shaft for 2 floors!
  4972 | D:10     | Entered Level 10 of the Dungeon
  5056 | D:9      | Found a glowing golden altar of the Shining One.
  5056 | D:9      | Found an oddly glowing altar of Pakellas.
  5097 | D:9      | Noticed Prince Ribbit
  5155 | D:9      | Found a white marble altar of Elyvilon.
  5184 | D:9      | Killed Prince Ribbit
  5184 | D:9      | Gained mutation: You passively map the area around you. [Deep Dwarf growth]
  5184 | D:9      | Reached XP level 9. HP: 71/79 MP: 3/15
  5218 | D:8      | Reached skill level 5 in Fighting
  5433 | D:7      | Reached ** piety under Makhleb
  5539 | D:7      | Killed Aquadorian's ghost
  5649 | D:7      | Reached skill level 1 in Evocations
  6005 | D:8      | Found a bloodstained altar of Trog.
  6169 | D:8      | Reached XP level 10. HP: 87/94 MP: 5/16
  6398 | D:8      | Noticed Erica
  6415 | D:8      | Killed Erica
  6695 | D:8      | Noticed Maurice
  6962 | D:9      | Found a staircase to the Lair.
  7242 | D:9      | Reached *** piety under Makhleb
  7242 | D:9      | Reached skill level 5 in Spellcasting
  7379 | D:10     | Reached skill level 10 in Necromancy
  7418 | D:10     | Noticed a hill giant
  7438 | D:10     | Killed a hill giant
  7446 | D:10     | Noticed a hill giant
  7456 | D:10     | Killed a hill giant
  7497 | D:10     | Noticed Snorg
  7525 | D:10     | Killed Snorg
  7525 | D:10     | Reached XP level 11. HP: 75/103 MP: 3/21
  7592 | D:10     | Found a staircase to the Orcish Mines.
  7594 | D:10     | Found Hownoatwo's Weapon Emporium.
  8070 | Lair:1   | Entered Level 1 of the Lair of Beasts
  8134 | Lair:1   | Reached **** piety under Makhleb
  8224 | Lair:1   | Slain by a spiny frog

Skill      XL: |  1  2  3  4  5  6  7  8  9 10 |
---------------+-------------------------------+-----
Spellcasting   | 2 3 4 7 |  7.9
Necromancy     | 5 6 8 9 10 | 10.1
Fighting       | 1 4 7 8 |  8.1
Dodging        | 3 6 8 |  8.4
Evocations     | 4 6 |  6.4
Stealth        | |  2.4

Action                   |  1- 3 |  4- 6 |  7- 9 | 10-12 || total
-------------------------+-------+-------+-------+-------++-------
Melee: Unarmed           |     1 |       |       |       ||     1
       Short sword       |    15 |    65 |       |       ||    80
       Dagger            |       |    81 |       |       ||    81
       Quarterstaff      |       |    71 |     9 |       ||    80
       Flail             |       |    10 |   314 |   276 ||   600
 Cast: Pain              |    62 |    61 |    26 |     1 ||   150
       Vampiric Draining |     4 |    17 |    77 |    65 ||   163
Evoke: Wand              |       |    11 |    12 |     9 ||    32
  Use: Scroll            |     4 |     3 |    18 |     6 ||    31
       Potion            |       |       |     2 |     3 ||     5
 Stab: Paralysed         |       |     8 |     8 |       ||    16
  Eat: Bread ration      |     1 |     1 |     2 |     2 ||     6
       Meat ration       |       |     1 |     2 |       ||     3
       Chunk             |       |       |     1 |     1 ||     2
       Royal jelly       |       |       |     1 |       ||     1
       Pizza             |       |       |     1 |     4 ||     5
Armor: Robe              |     7 |     5 |       |   109 ||   121
       Ring mail         |    26 |    75 |   196 |    31 ||   328
Dodge: Dodged            |    38 |   134 |   341 |   351 ||   864
Block: Other             |       |       |    44 |   114 ||   158
       Reflection        |       |       |     2 |     2 ||     4
